 Dungeon Sprint DCSS version 0.22.1-1-ga44c0e56f4 (webtiles) character file.

168 KleinerIrrer the Firebug (level 5, 0/35 HPs)
             Began as a Demonspawn Fire Elementalist on Nov 1, 2018.
             Was a Believer of Vehumet.
             Slain by an ufetubus (2 damage)
             ... in the Dungeon (Sprint V: "Ziggurat Sprint").
             The game lasted 00:04:03 (333 turns).

KleinerIrrer the Firebug (DsFE)                      Turns: 333, Time: 00:04:03

Health: 0/35       AC: 20    Str: 21      XL:     5   Next: 24%
Magic:  11/11      EV: -3    Int: 17      God:    Vehumet [**....]
Gold:   0          SH: 31    Dex: 12 (13) Spells: 12/13 levels left

rFire    + + .     SeeInvis .   H - +8 lance "Wyrmbane" {slay drac, rPois rF+ rC+ AC+3}
rCold    + + .     Gourm    .   F - +18 shield of the Gong {rElec rN+ MR+ EV-5}
rNeg     + . .     Faith    .   B - +5 gold dragon scales
rPois    +         Spirit   .   (helmet restricted)
rElec    +         Reflect  .   (no cloak)
rCorr    .         Harm     .   (no gloves)
MR       +....     NoTele   +   (no boots)
Stlth    ..........             (no amulet)
HPRegen  0.11/turn              z - +6 ring of strength
MPRegen  0.12/turn              A - +6 ring of strength

@: no status effects
A: antennae 1, large bone plates 1
a: Renounce Religion


You were in the Dungeon.
You worshipped Vehumet.
Vehumet was pleased with you.
You were not hungry.

You visited 1 branch

Inventory:

Hand Weapons
 E - the +9 heavy crossbow "Sniper" {velocity, Acc+∞ SInv}
   (You found it in the Dungeon)

   Any bolt fired from it inflicts extra damage.
   It lets you see invisible.
 G - the +7 Singing Sword
   (You found it in the Dungeon)
 H - the +8 lance "Wyrmbane" (weapon) {slay drac, rPois rF+ rC+ AC+3}
   (You found it in the Dungeon)

   It affects your AC (+3).
   It protects you from fire.
   It protects you from cold.
   It protects you from poison.
Armour
 a - a +0 robe
 B - +5 gold dragon scales (worn)
 C - +5 storm dragon scales
 D - a +3 buckler
 F - the +18 shield of the Gong (worn) {rElec rN+ MR+ EV-5}
   (You found it in the Dungeon)

   It affects your evasion (-5).
   It insulates you from electricity.
   It protects you from negative energy.
   It affects your resistance to hostile enchantments.
Magical Staves
 t - an uncursed staff of energy
Jewellery
 v - a +6 ring of dexterity
 w - a +6 ring of dexterity
 x - a +6 ring of intelligence
 y - a +6 ring of intelligence
 z - a +6 ring of strength (left hand)
 A - a +6 ring of strength (right hand)
Scrolls
 i - 4 scrolls of blinking
 o - 4 scrolls of amnesia
 p - 7 scrolls of fog
 q - 5 scrolls of identify
 r - 5 scrolls of remove curse
 s - 2 scrolls of fear
Potions
 b - 2 potions of brilliance
 d - 10 potions of curing
 e - 10 potions of heal wounds
 f - 6 potions of haste
 g - 7 potions of magic
 h - 3 potions of berserk rage
 j - 2 potions of invisibility
 k - 4 potions of resistance
 l - a potion of experience
 m - 5 potions of agility
 n - 5 potions of might
Miscellaneous
 u - a crystal ball of energy
Comestibles
 c - 7 rations


   Skills:
 + Level 1.7 Armour
 + Level 3.3 Dodging
 - Level 2.5 Stealth
 + Level 3.0 Shields
 + Level 4.5 Spellcasting
 + Level 1.8 Conjurations
 + Level 7.5 Fire Magic


You had 12 spell levels left.
You knew the following spells:

 Your Spells              Type           Power        Failure   Level  Hunger
a - Flame Tongue          Conj/Fire      ###..        100%        1    None

Your spell library contained the following spells:

 Spells                   Type           Power        Failure   Level  Hunger
 Sting                    Conj/Pois      #...         100%        1    None
 Beastly Appendage        Tmut           #.....       100%        1    None
 Sticks to Snakes         Tmut           #.......     100%        2    ##.....
 Throw Flame              Conj/Fire      ###...       100%        2    ##.....
 Conjure Flame            Conj/Fire      ###.....     100%        3    ###....
 Inner Flame              Hex/Fire       ###.....     100%        3    ###....
 Spider Form              Tmut/Pois      #.........   100%        3    ###....
 Ice Form                 Ice/Tmut       #.......     100%        4    ####...
 Sticky Flame             Conj/Fire      ###.....     100%        4    ####...
 Blade Hands              Tmut           #.........   100%        5    ######.
 Fireball                 Conj/Fire      ###.......   100%        5    ######.


Dungeon Overview and Level Annotations

Branches:
Dungeon (1/1)

Altars:
Ashenzari
Cheibriados
Dithmenos
Elyvilon
Fedhas
Gozag
Hepliaklqana
Kikubaaqudgha
Makhleb
Nemelex Xobeh
Okawaru
Qazlal
Ru
Sif Muna
Trog
Uskayaw
Vehumet
Wu Jian
Xom
Yredelemnul
Zin
The Shining One
Beogh
Jiyva
Lugonu

Annotations:
D 1 transporter


Innate Abilities, Weirdness & Mutations

You have a pair of small antennae on your head.
You are partially covered in large bone plates. (SH +4)


Message History

SHROANNG!
You block the ufetubus's attack.
GONNNNG!
You block the quasit's attack.
SHROANNG!
The quasit claws you.
* * * LOW HITPOINT WARNING * * *
The quasit claws you but does no damage.
The shadow imp hits you but does no damage.
You block the ufetubus's attack.
GONNNNG!
The ufetubus hits you.
* * * LOW HITPOINT WARNING * * *
The quasit bites you but does no damage.
The quasit claws you but does no damage. x2
The shadow imp hits you but does no damage.
You miss the ufetubus.
The ufetubus is heavily wounded.
The ufetubus hits you.
You die...

▓▓▓▓▓▓▓▓▓▓▓▓▓▓▓▓▓▓▓
▓.8©8.▓.8©8.▓.8©8.▓
▓.[)).▓..}=.▓.....▓
▓..:..▓.....▓...|.▓
▓.....▓.....▓.....▓
▓.5.5.▓.|...▓.....▓
▓.5@..▓.....▓..©..▓
▓..©..▓..©..▓▓▓▓▓▓▓
▓▓▓▓▓▓▓▓▓▓▓▓▓


You could see a quasit, a shadow imp and an ufetubus.

Vanquished Creatures
  2 crimson imps (D)
  A quasit (D)
  2 iron imps (D)
  A shadow imp (D)
6 creatures vanquished.

Notes
Turn   | Place    | Note
-------+----------+-------------------------------------------
     0 | D        | Found the +6 Majin-Bo {vamp, Archmagi MP+6 Int+6}
     0 | D        | Found the +7 great mace "Firestarter" {inner flame, rF++}
     0 | D        | KleinerIrrer the Demonspawn Fire Elementalist began the
                  | quest for the Orb.
     0 | D        | Reached XP level 1. HP: 13/13 MP: 3/3
     0 | D        | Found a deep blue altar of Sif Muna.
     0 | D        | Found a sacrificial altar of Ru.
     0 | D        | Found a bloodstained altar of Trog.
     0 | D        | Found a stormy altar of Qazlal.
     0 | D        | Found an iron altar of Okawaru.
     0 | D        | Found a sparkling altar of Nemelex Xobeh.
     0 | D        | Found a blossoming altar of Fedhas.
     2 | D        | Found a transporter.
     2 | D        | Found an ancient bone altar of Kikubaaqudgha.
     2 | D        | Found a viscous altar of Jiyva.
     2 | D        | Found a corrupted altar of Lugonu.
     2 | D        | Found a hazy altar of Hepliaklqana.
     2 | D        | Found a burning altar of Makhleb.
     2 | D        | Found an opulent altar of Gozag.
    16 | D        | Became a worshipper of Vehumet
    48 | D        | Found the +9 heavy crossbow "Sniper" {velocity, Acc+∞ SInv}
    48 | D        | Found the +10 dark maul {crush}
    48 | D        | Found the +15 Maxwell's patent armour {-Cast -Tele rElec
                  | MR+ rCorr}
    48 | D        | Found the +18 shield of the Gong {rElec rN+ MR+ EV-5}
    48 | D        | Found the cursed +14 obsidian axe {chop, +Fly SInv *Curse}
    50 | D        | Found the +6 shillelagh "Devastator" {shatter}
    50 | D        | Found the +11 plutonium sword {*Contam Stlth-}
    50 | D        | Found the +8 lance "Wyrmbane" {slay drac, rPois rF+ rC+
                  | AC+3}
    50 | D        | Found the +9 sword of Zonguldrok {reap}
    50 | D        | Found the cursed +13 scythe of Curses {drain, *Curse}
    50 | D        | Found the +0 sword of Power
    50 | D        | Found the +7 mace of Variability {chain chaos}
    50 | D        | Found the +7 Singing Sword
    50 | D        | Found the +7 longbow "Piercer" {penet, EV-2}
    88 | D        | Entered arena 2.
    88 | D        | Noticed a crimson imp
    88 | D        | Found a transporter.
    96 | D        | Killed a crimson imp
    96 | D        | Reached skill level 1 in Shields
    96 | D        | Reached skill level 4 in Fire Magic
    96 | D        | Gained mutation: You have a pair of small antennae on your
                  | head. [demonic ancestry]
    96 | D        | Reached XP level 2. HP: 7/19 MP: 4/6
    96 | D        | Gained mutation: You are partially covered in large bone
                  | plates. (SH +4) [demonic ancestry]
    96 | D        | Reached XP level 3. HP: 8/24 MP: 4/7
    97 | D        | Reached skill level 5 in Fire Magic
   291 | D        | Entered arena 3.
   291 | D        | Found a transporter.
   297 | D        | Reached * piety under Vehumet
   297 | D        | Offered knowledge of Sting by Vehumet.
   297 | D        | Reached skill level 1 in Armour
   297 | D        | Reached skill level 6 in Fire Magic
   297 | D        | Reached XP level 4. HP: 30/30 MP: 7/9
   307 | D        | Reached skill level 7 in Fire Magic
   307 | D        | Reached XP level 5. HP: 35/35 MP: 8/11
   314 | D        | Entered arena 4.
   314 | D        | Found a transporter.
   325 | D        | Reached ** piety under Vehumet
   333 | D        | Slain by an ufetubus

Skill      XL: |  1  2  3  4  5 |
---------------+----------------+-----
Dodging        | 2 3 |  3.3
Stealth        | 2 |  2.5
Shields        | 1 2 3 |  3.0
Spellcasting   | 3 4 |  4.5
Fire Magic     | 4 6 7 |  7.5
Armour         | 1 |  1.7
Conjurations   | |  1.8

Action                   |  1- 3 |  4- 6 || total
-------------------------+-------+-------++-------
Melee: Lance             |    14 |    28 ||    42
Armor: Gold dragon scale |     6 |    80 ||    86
Dodge: Dodged            |     1 |     1 ||     2
Block: Shield            |    14 |    86 ||   100
